[ AOE2 MATCH · #478419188 ]
UnrankedSpanish vs Maya
[ REPLAY ANALYSIS · EXTRACTED FROM THE RECORDED GAME ]
Feudal
12:47
Castle
16:24
Imperial
—
| APM avg | 41.9 |
| APM peak | 82 |
| eAPM avg | 21.3 |
| Villagers / military | 56 / 13 |
Focus
⚔️ 26.6% · 🌾 73.4%
Conquistador ×13
Feudal
10:57
Castle
22:56
Imperial
—
| APM avg | 65.2 |
| APM peak | 100 |
| eAPM avg | 23.1 |
| Villagers / military | 38 / 11 |
Focus
⚔️ 31.8% · 🌾 68.2%
Scout Cavalry ×8 · Spearman ×3
Feudal
13:00
Castle
19:05
Imperial
—
| APM avg | 35.9 |
| APM peak | 67 |
| eAPM avg | 15.7 |
| Villagers / military | 70 / 18 |
Focus
⚔️ 24.5% · 🌾 75.5%
Cavalry Archer ×16 · Scout Cavalry ×2
Feudal
12:31
Castle
—
Imperial
—
| APM avg | 51.8 |
| APM peak | 88 |
| eAPM avg | 18.2 |
| Villagers / military | 47 / 29 |
Focus
⚔️ 35.7% · 🌾 64.3%
Archer ×27 · Spearman ×2
Feudal
13:35
Castle
18:20
Imperial
—
| APM avg | 52.0 |
| APM peak | 113 |
| eAPM avg | 26.4 |
| Villagers / military | 49 / 13 |
Focus
⚔️ 49.5% · 🌾 50.5%
Plumed Archer ×13
Feudal
13:57
Castle
—
Imperial
—
| APM avg | 20.2 |
| APM peak | 51 |
| eAPM avg | 13.0 |
| Villagers / military | 40 / 4 |
Focus
⚔️ 24.4% · 🌾 75.6%
Spearman ×4
Feudal
12:20
Castle
17:34
Imperial
—
| APM avg | 30.2 |
| APM peak | 66 |
| eAPM avg | 17.8 |
| Villagers / military | 38 / 10 |
Focus
⚔️ 35.9% · 🌾 64.1%
Shrivamsha Rider ×6 · Camel Scout ×4
Feudal
14:50
Castle
18:50
Imperial
—
| APM avg | 47.8 |
| APM peak | 90 |
| eAPM avg | 15.4 |
| Villagers / military | 40 / 12 |
Focus
⚔️ 23.9% · 🌾 76.1%
Cavalry Archer ×10 · Skirmisher ×2
Match map
Initial resources + every placement click. Lines = walls · curves = elevation contours. ◆ gold · ⬟ stone · ● berries · ✦ relic · ◌ wall gap
Your base· Open — 9t gap
Ux'Nova's base· Open — unwalled flank
Ux'Vipercita tamalera's base· Open — unwalled flank
Ux'LeBotut's base· Open — unwalled flank
LvSP | DeathThunder's base· Open — unwalled flank
LvSP | DXOP3NK's base· Open — unwalled flank
LvSP| SteveAnd's base· Open — unwalled flank
LvSP | K@l El's base· Open — unwalled flank
Smoothed initial terrain · ◌ = detected wall gap · hover for details
Inputs per minute
— Ux´zSharck - - Ux'Nova
Build order — Ux´zSharck
110 actions detected in the replay
| 0:04 | Build | Town Center |
| 0:11 | Build | House |
| 2:14 | Create | Villager (Male) |
| 2:14 | Create | Villager (Male) |
| 2:14 | Create | Villager (Male) |
| 2:15 | Create | Villager (Male) |
| 3:19 | Create | Villager (Male) |
| 3:55 | Build | House |
| 4:00 | Create | Villager (Male) |
| 4:24 | Create | Villager (Male) |
| 4:27 | Build | Lumber Camp |
| 4:45 | Create | Villager (Male) |
| 5:12 | Research | Loom |
| 5:14 | Build | House |
| 5:32 | Create | Villager (Male) |
| 5:32 | Create | Villager (Male) |
| 5:47 | Create | Villager (Male) |
| 5:50 | Create | Villager (Male) |
| 6:12 | Create | Villager (Male) |
| 6:23 | Create | Villager (Male) |
| 7:00 | Build | House |
| 7:12 | Create | Villager (Male) |
| 7:20 | Build | Mill |
| 7:31 | Create | Villager (Male) |
| 7:56 | Create | Villager (Male) |
| 8:35 | Build | House |
| 8:47 | Build | Mining Camp |
| 8:52 | Create | Villager (Male) |
| 9:06 | Create | Villager (Male) |
| 9:14 | Build | House |
| 9:19 | Create | Villager (Male) |
| 9:26 | Create | Villager (Male) |
| 9:31 | Create | Villager (Male) |
| 9:43 | Create | Villager (Male) |
| 9:48 | Create | Villager (Male) |
| 9:55 | Build | Mining Camp |
| 10:03 | Research | Feudal Age |
| 10:09 | Create | Villager (Male) |
| 10:11 | Research | Feudal Age |
| 12:27 | Create | Villager (Male) |
| 12:27 | Create | Villager (Male) |
| 12:47 | Age | Feudal Age |
| 12:49 | Build | Market |
| 12:50 | Build | Blacksmith |
| 13:44 | Research | Castle Age |
| 14:27 | Research | Double-Bit Axe |
| 15:31 | Research | Gold Mining |
| 15:56 | Create | Villager (Male) |
| 15:56 | Create | Villager (Male) |
| 16:24 | Age | Castle Age |
| 16:29 | Build | Castle |
| 16:41 | Research | Bow Saw |
| 16:52 | Build | House |
| 17:22 | Build | Mill |
| 17:28 | Create | Conquistador |
| 17:28 | Create | Conquistador |
| 17:29 | Create | Villager (Male) |
| 17:59 | Create | Villager (Male) |
| 18:03 | Create | Conquistador |
| 18:21 | Create | Villager (Male) |
| 18:37 | Create | Conquistador |
| 18:43 | Create | Villager (Male) |
| 18:54 | Create | Villager (Male) |
| 19:33 | Create | Villager (Male) |
| 19:52 | Create | Villager (Male) |
| 19:57 | Create | Villager (Male) |
| 19:58 | Create | Villager (Male) |
| 20:05 | Build | Town Center |
| 20:05 | Create | Villager (Male) |
| 20:07 | Create | Conquistador |
| 20:14 | Create | Conquistador |
| 20:19 | Build | Mill |
| 20:38 | Create | Conquistador |
| 20:38 | Create | Conquistador |
| 21:12 | Create | Villager (Male) |
| 21:15 | Build | Farm |
| 21:16 | Build | Farm |
| 21:35 | Create | Villager (Male) |
| 21:36 | Create | Conquistador |
| 21:50 | Create | Conquistador |
| 22:01 | Create | Villager (Male) |
| 22:02 | Create | Villager (Male) |
| 22:11 | Build | Farm |
| 22:13 | Build | Farm |
| 22:14 | Build | Farm |
| 22:19 | Create | Conquistador |
| 22:27 | Build | Farm |
| 22:28 | Build | Farm |
| 22:28 | Create | Villager (Male) |
| 22:30 | Build | Farm |
| 22:39 | Build | Farm |
| 22:50 | Create | Villager (Male) |
| 22:52 | Create | Villager (Male) |
| 23:12 | Create | Villager (Male) |
| 23:14 | Create | Villager (Male) |
| 23:17 | Build | Town Center |
| 23:18 | Create | Villager (Male) |
| 23:40 | Create | Villager (Male) |
| 23:40 | Create | Villager (Male) |
| 23:57 | Create | Villager (Male) |
| 23:57 | Create | Villager (Male) |
| 24:06 | Build | Mining Camp |
| 24:08 | Create | Villager (Male) |
| 24:11 | Build | Farm |
| 24:15 | Create | Villager (Male) |
| 24:20 | Create | Conquistador |
| 24:20 | Create | Conquistador |
| 24:24 | Build | House |
| 24:25 | Build | House |
| 24:32 | Create | Villager (Male) |
Build order — Ux'Nova
106 actions detected in the replay
| 0:12 | Build | Town Center |
| 2:11 | Build | House |
| 2:12 | Build | House |
| 2:38 | Create | Villager (Male) |
| 2:39 | Create | Villager (Male) |
| 2:39 | Create | Villager (Male) |
| 2:39 | Create | Villager (Male) |
| 4:14 | Create | Villager (Male) |
| 4:28 | Create | Villager (Male) |
| 4:31 | Create | Villager (Male) |
| 4:51 | Build | Lumber Camp |
| 4:53 | Create | Villager (Male) |
| 5:10 | Build | House |
| 5:54 | Create | Villager (Male) |
| 6:27 | Build | House |
| 6:42 | Create | Villager (Male) |
| 6:42 | Create | Villager (Male) |
| 6:44 | Build | House |
| 6:58 | Build | House |
| 7:17 | Create | Villager (Male) |
| 7:33 | Build | Mill |
| 7:56 | Create | Villager (Male) |
| 7:56 | Research | Loom |
| 8:18 | Research | Feudal Age |
| 8:54 | Build | House |
| 9:05 | Build | House |
| 9:21 | Build | House |
| 9:37 | Build | Palisade Wall |
| 9:48 | Build | House |
| 10:03 | Build | Barracks |
| 10:44 | Create | Villager (Male) |
| 10:51 | Build | House |
| 10:57 | Age | Feudal Age |
| 11:01 | Build | Stable |
| 11:08 | Research | Double-Bit Axe |
| 11:22 | Create | Villager (Male) |
| 11:25 | Build | House |
| 11:35 | Create | Villager (Male) |
| 11:41 | Create | Scout Cavalry |
| 11:42 | Create | Scout Cavalry |
| 11:52 | Create | Villager (Male) |
| 12:14 | Create | Scout Cavalry |
| 12:28 | Build | Blacksmith |
| 12:37 | Create | Scout Cavalry |
| 12:38 | Create | Spearman |
| 12:39 | Create | Villager (Male) |
| 13:04 | Create | Spearman |
| 13:23 | Create | Villager (Male) |
| 13:26 | Create | Scout Cavalry |
| 13:36 | Create | Scout Cavalry |
| 13:37 | Create | Villager (Male) |
| 13:53 | Create | Villager (Male) |
| 13:55 | Build | House |
| 13:58 | Build | House |
| 14:12 | Create | Spearman |
| 14:15 | Create | Villager (Male) |
| 14:16 | Build | House |
| 14:38 | Create | Scout Cavalry |
| 14:47 | Build | House |
| 14:59 | Create | Villager (Male) |
| 15:02 | Build | Market |
| 15:05 | Build | House |
| 15:10 | Create | Scout Cavalry |
| 15:36 | Build | Mining Camp |
| 15:38 | Create | Villager (Male) |
| 15:47 | Build | House |
| 15:51 | Build | House |
| 16:08 | Create | Villager (Male) |
| 16:13 | Build | House |
| 16:45 | Create | Villager (Male) |
| 17:14 | Create | Villager (Male) |
| 17:24 | Create | Villager (Male) |
| 17:31 | Build | Lumber Camp |
| 17:33 | Build | Outpost |
| 17:35 | Build | Outpost |
| 17:43 | Create | Villager (Male) |
| 17:43 | Create | Villager (Male) |
| 17:56 | Build | House |
| 17:57 | Build | House |
| 18:23 | Create | Villager (Male) |
| 18:23 | Create | Villager (Male) |
| 18:26 | Build | Farm |
| 18:37 | Build | House |
| 18:49 | Build | Farm |
| 18:50 | Build | Farm |
| 18:54 | Research | Horse Collar |
| 19:05 | Build | House |
| 19:06 | Build | House |
| 19:08 | Build | Farm |
| 19:35 | Create | Villager (Male) |
| 19:50 | Create | Villager (Male) |
| 19:57 | Build | Farm |
| 19:59 | Build | Farm |
| 20:16 | Research | Castle Age |
| 20:48 | Build | Farm |
| 21:04 | Research | Gold Mining |
| 21:11 | Research | Bloodlines |
| 21:35 | Research | Forging |
| 22:56 | Age | Castle Age |
| 23:16 | Research | Fletching |
| 23:18 | Create | Villager (Male) |
| 23:28 | Build | Castle |
| 23:43 | Create | Villager (Male) |
| 23:45 | Research | Husbandry |
| 24:06 | Create | Villager (Male) |
| 24:25 | Create | Villager (Male) |
Build order — Ux'Vipercita tamalera
118 actions detected in the replay
| 0:21 | Build | Town Center |
| 0:56 | Build | Lumber Camp |
| 2:29 | Create | Villager (Male) |
| 2:30 | Create | Villager (Male) |
| 2:30 | Create | Villager (Male) |
| 2:41 | Create | Villager (Male) |
| 3:22 | Create | Villager (Male) |
| 4:02 | Create | Villager (Male) |
| 4:24 | Create | Villager (Male) |
| 4:54 | Create | Villager (Male) |
| 5:14 | Create | Villager (Male) |
| 6:08 | Create | Villager (Male) |
| 6:08 | Create | Villager (Male) |
| 6:09 | Create | Villager (Male) |
| 6:13 | Research | Loom |
| 6:13 | Create | Villager (Male) |
| 6:15 | Create | Villager (Male) |
| 6:15 | Create | Villager (Male) |
| 6:23 | Build | Lumber Camp |
| 6:42 | Create | Villager (Male) |
| 6:48 | Create | Villager (Male) |
| 7:05 | Build | Palisade Wall |
| 7:13 | Create | Villager (Male) |
| 7:27 | Create | Villager (Male) |
| 7:58 | Create | Villager (Male) |
| 8:01 | Create | Villager (Male) |
| 8:23 | Create | Villager (Male) |
| 8:24 | Create | Villager (Male) |
| 8:50 | Create | Villager (Male) |
| 8:51 | Create | Villager (Male) |
| 8:56 | Create | Villager (Male) |
| 9:03 | Create | Villager (Male) |
| 9:08 | Create | Villager (Male) |
| 9:18 | Build | Mill |
| 9:28 | Create | Villager (Male) |
| 9:34 | Create | Villager (Male) |
| 9:34 | Create | Villager (Male) |
| 9:47 | Create | Villager (Male) |
| 9:55 | Create | Villager (Male) |
| 10:11 | Create | Villager (Male) |
| 10:50 | Research | Feudal Age |
| 10:54 | Build | Mining Camp |
| 12:13 | Build | Barracks |
| 12:25 | Create | Villager (Male) |
| 12:42 | Build | Palisade Wall |
| 12:44 | Build | Palisade Wall |
| 12:46 | Build | Palisade Wall |
| 12:48 | Create | Villager (Male) |
| 12:49 | Create | Villager (Male) |
| 13:00 | Age | Feudal Age |
| 13:30 | Create | Villager (Male) |
| 13:36 | Build | Stable |
| 13:37 | Create | Villager (Male) |
| 13:39 | Create | Villager (Male) |
| 14:01 | Create | Villager (Male) |
| 14:14 | Build | Mill |
| 14:16 | Create | Villager (Male) |
| 14:16 | Create | Villager (Male) |
| 14:22 | Create | Villager (Male) |
| 14:40 | Create | Scout Cavalry |
| 14:40 | Create | Scout Cavalry |
| 15:02 | Build | Blacksmith |
| 15:04 | Create | Villager (Male) |
| 16:03 | Create | Villager (Male) |
| 16:25 | Research | Castle Age |
| 16:28 | Build | Archery Range |
| 17:09 | Build | Farm |
| 17:10 | Build | Farm |
| 17:14 | Create | Villager (Male) |
| 17:42 | Create | Villager (Male) |
| 17:49 | Create | Villager (Male) |
| 17:51 | Build | Archery Range |
| 17:57 | Research | Fletching |
| 17:58 | Create | Villager (Male) |
| 18:04 | Build | Palisade Gate |
| 18:14 | Create | Villager (Male) |
| 18:26 | Research | Double-Bit Axe |
| 18:49 | Create | Villager (Male) |
| 18:56 | Build | Market |
| 19:04 | Build | Farm |
| 19:05 | Age | Castle Age |
| 19:05 | Build | Farm |
| 19:16 | Create | Villager (Male) |
| 19:18 | Create | Cavalry Archer ×2 |
| 19:34 | Build | Farm |
| 19:44 | Create | Cavalry Archer |
| 19:47 | Create | Villager (Male) |
| 19:58 | Create | Cavalry Archer ×2 |
| 20:10 | Research | Bodkin Arrow |
| 20:14 | Create | Cavalry Archer ×2 |
| 20:15 | Create | Villager (Male) |
| 20:22 | Create | Villager (Male) |
| 20:36 | Create | Villager (Male) |
| 20:42 | Build | Farm |
| 20:46 | Build | Farm |
| 20:53 | Build | Farm |
| 21:01 | Create | Cavalry Archer ×2 |
| 21:02 | Create | Villager (Male) |
| 21:21 | Create | Villager (Male) |
| 21:47 | Create | Villager (Male) |
| 21:51 | Create | Cavalry Archer ×2 |
| 21:54 | Create | Villager (Male) |
| 22:12 | Create | Cavalry Archer |
| 22:13 | Create | Villager (Male) |
| 22:13 | Create | Villager (Male) |
| 22:15 | Build | Archery Range |
| 22:33 | Create | Villager (Male) |
| 22:35 | Create | Cavalry Archer ×2 |
| 23:10 | Create | Villager (Male) |
| 23:10 | Create | Villager (Male) |
| 23:14 | Build | University |
| 23:31 | Create | Villager (Male) |
| 23:31 | Create | Villager (Male) |
| 23:40 | Build | Lumber Camp |
| 23:44 | Create | Villager (Male) |
| 23:47 | Create | Cavalry Archer ×2 |
| 23:58 | Build | Mining Camp |
| 23:58 | Create | Villager (Male) |
Build order — Ux'LeBotut
129 actions detected in the replay
| 0:13 | Build | Town Center |
| 0:24 | Build | House |
| 1:00 | Build | House |
| 2:36 | Create | Villager (Male) |
| 2:37 | Create | Villager (Male) |
| 2:38 | Create | Villager (Male) |
| 2:56 | Create | Villager (Male) |
| 3:31 | Create | Villager (Male) |
| 4:13 | Create | Villager (Male) |
| 4:27 | Build | House |
| 4:54 | Create | Villager (Male) |
| 5:05 | Create | Villager (Male) |
| 5:23 | Create | Villager (Male) |
| 5:25 | Build | Lumber Camp |
| 5:57 | Create | Villager (Male) |
| 6:17 | Create | Villager (Male) |
| 6:24 | Research | Loom |
| 6:28 | Build | House |
| 6:57 | Create | Villager (Male) |
| 6:58 | Create | Villager (Male) |
| 7:09 | Create | Villager (Male) |
| 7:16 | Build | House |
| 7:27 | Create | Villager (Male) |
| 7:39 | Build | House |
| 7:43 | Build | House |
| 7:54 | Create | Villager (Male) |
| 8:11 | Create | Villager (Male) |
| 8:38 | Build | House |
| 8:48 | Create | Villager (Male) |
| 8:57 | Build | Mining Camp |
| 9:44 | Create | Villager (Male) |
| 10:21 | Research | Feudal Age |
| 10:48 | Create | Villager (Male) |
| 11:35 | Build | Barracks |
| 11:58 | Create | Villager (Male) |
| 12:31 | Age | Feudal Age |
| 12:34 | Create | Villager (Male) |
| 12:37 | Build | Archery Range |
| 12:41 | Build | Archery Range |
| 13:02 | Create | Villager (Male) |
| 13:17 | Create | Villager (Male) |
| 13:20 | Build | House |
| 13:22 | Build | Palisade Wall |
| 13:23 | Build | Palisade Wall |
| 13:25 | Build | Palisade Wall |
| 13:26 | Build | Palisade Wall |
| 13:26 | Build | Palisade Wall |
| 13:27 | Build | Palisade Wall |
| 13:32 | Create | Archer |
| 13:32 | Create | Archer |
| 13:33 | Create | Villager (Male) |
| 13:47 | Create | Archer |
| 13:56 | Build | House |
| 14:00 | Create | Archer |
| 14:03 | Create | Archer |
| 14:47 | Build | Mill |
| 14:51 | Create | Archer |
| 14:53 | Create | Villager (Male) |
| 14:53 | Create | Villager (Male) |
| 14:56 | Create | Villager (Male) |
| 14:59 | Build | Blacksmith |
| 15:01 | Create | Archer |
| 15:47 | Build | House |
| 15:48 | Create | Archer |
| 15:49 | Create | Archer |
| 15:49 | Create | Villager (Male) |
| 15:57 | Research | Fletching |
| 16:05 | Build | House |
| 16:09 | Create | Villager (Male) |
| 16:19 | Create | Archer |
| 16:19 | Create | Villager (Male) |
| 16:39 | Create | Archer |
| 16:39 | Create | Archer |
| 16:39 | Create | Villager (Male) |
| 16:43 | Build | Farm |
| 16:46 | Create | Spearman |
| 16:52 | Create | Archer |
| 16:52 | Create | Villager (Male) |
| 17:19 | Build | Farm |
| 17:19 | Build | Farm |
| 17:20 | Build | Farm |
| 17:20 | Build | Farm |
| 17:32 | Create | Archer |
| 17:32 | Create | Villager (Male) |
| 17:36 | Create | Villager (Male) |
| 17:39 | Create | Archer |
| 18:04 | Create | Archer |
| 18:04 | Create | Villager (Male) |
| 18:07 | Build | Farm |
| 18:35 | Create | Archer |
| 18:35 | Create | Villager (Male) |
| 18:39 | Build | House |
| 18:40 | Build | Mill |
| 18:41 | Build | Palisade Wall |
| 18:45 | Create | Spearman |
| 18:56 | Create | Villager (Male) |
| 18:58 | Build | House |
| 19:00 | Build | Palisade Wall |
| 19:07 | Build | Palisade Wall |
| 19:11 | Build | Palisade Wall |
| 19:22 | Create | Villager (Male) |
| 20:12 | Build | Palisade Wall |
| 20:14 | Build | Palisade Wall |
| 20:15 | Build | Palisade Wall |
| 20:17 | Build | Palisade Wall |
| 20:27 | Build | Farm |
| 20:52 | Create | Villager (Male) |
| 21:16 | Build | Market |
| 21:28 | Create | Archer |
| 21:28 | Create | Archer |
| 21:28 | Create | Villager (Male) |
| 21:54 | Create | Villager (Male) |
| 21:55 | Create | Villager (Male) |
| 22:12 | Build | House |
| 22:12 | Build | House |
| 22:41 | Research | Castle Age |
| 22:43 | Create | Villager (Male) |
| 22:44 | Create | Archer |
| 22:45 | Create | Archer |
| 22:56 | Create | Villager (Male) |
| 22:59 | Create | Archer |
| 23:23 | Create | Archer |
| 23:24 | Create | Villager (Male) |
| 23:41 | Build | House |
| 23:46 | Create | Archer |
| 23:47 | Create | Archer |
| 24:21 | Create | Archer |
| 24:21 | Create | Archer |
| 24:22 | Create | Villager (Male) |
Build order — LvSP | DeathThunder
101 actions detected in the replay
| 0:08 | Build | House |
| 0:41 | Build | Town Center |
| 1:05 | Build | Town Center |
| 3:30 | Create | Villager (Male) |
| 3:30 | Create | Villager (Male) |
| 3:30 | Create | Villager (Male) |
| 4:24 | Create | Villager (Male) |
| 4:24 | Create | Villager (Male) |
| 4:42 | Build | House |
| 4:45 | Create | Villager (Male) |
| 4:45 | Create | Villager (Male) |
| 5:18 | Create | Villager (Male) |
| 5:19 | Create | Villager (Male) |
| 5:33 | Create | Villager (Male) |
| 5:33 | Create | Villager (Male) |
| 5:48 | Build | Lumber Camp |
| 6:00 | Create | Villager (Male) |
| 6:23 | Create | Villager (Male) |
| 6:39 | Build | House |
| 6:59 | Create | Villager (Male) |
| 7:00 | Create | Villager (Male) |
| 7:17 | Create | Villager (Male) |
| 7:38 | Create | Villager (Male) |
| 7:56 | Build | House |
| 8:06 | Create | Villager (Male) |
| 8:23 | Create | Villager (Male) |
| 9:01 | Create | Villager (Male) |
| 9:10 | Create | Villager (Male) |
| 9:10 | Create | Villager (Male) |
| 9:40 | Create | Villager (Male) |
| 10:07 | Build | Mill |
| 10:11 | Create | Villager (Male) |
| 10:23 | Create | Villager (Male) |
| 10:53 | Create | Villager (Male) |
| 11:10 | Research | Feudal Age |
| 11:10 | Research | Feudal Age |
| 11:26 | Build | Palisade Gate |
| 11:29 | Build | House |
| 11:31 | Build | Palisade Wall |
| 11:35 | Build | House |
| 12:08 | Build | Mining Camp |
| 13:04 | Create | Villager (Male) |
| 13:35 | Age | Feudal Age |
| 13:44 | Create | Villager (Male) |
| 14:16 | Build | Market |
| 14:20 | Create | Villager (Male) |
| 14:21 | Create | Villager (Male) |
| 14:31 | Research | Loom |
| 14:31 | Research | Loom |
| 14:46 | Create | Villager (Male) |
| 15:00 | Build | Blacksmith |
| 15:30 | Research | Castle Age |
| 15:30 | Research | Castle Age |
| 15:34 | Research | Double-Bit Axe |
| 15:54 | Create | Villager (Male) |
| 16:03 | Build | Mining Camp |
| 16:42 | Build | House |
| 16:45 | Build | House |
| 16:49 | Create | Villager (Male) |
| 17:11 | Research | Fletching |
| 17:24 | Research | Stone Mining |
| 18:20 | Age | Castle Age |
| 18:21 | Build | Castle |
| 18:37 | Create | Villager (Male) |
| 18:57 | Research | Bodkin Arrow |
| 18:57 | Research | Bodkin Arrow |
| 19:30 | Build | Town Center |
| 19:35 | Create | Villager (Male) |
| 19:35 | Create | Villager (Male) |
| 19:47 | Create | Plumed Archer |
| 19:48 | Create | Plumed Archer |
| 20:03 | Create | Villager (Male) |
| 20:19 | Create | Plumed Archer |
| 20:20 | Create | Villager (Male) |
| 20:24 | Create | Villager (Male) |
| 20:29 | Create | Villager (Male) |
| 20:29 | Create | Villager (Male) |
| 20:31 | Create | Plumed Archer |
| 20:31 | Create | Plumed Archer |
| 20:45 | Create | Villager (Male) |
| 20:45 | Create | Villager (Male) |
| 21:01 | Create | Plumed Archer |
| 21:01 | Create | Plumed Archer |
| 21:20 | Create | Villager (Male) |
| 21:20 | Create | Villager (Male) |
| 21:32 | Create | Plumed Archer |
| 22:05 | Create | Villager (Male) |
| 22:05 | Create | Villager (Male) |
| 22:07 | Create | Plumed Archer |
| 22:07 | Create | Plumed Archer |
| 22:07 | Create | Plumed Archer |
| 22:33 | Create | Villager (Male) |
| 22:35 | Create | Plumed Archer |
| 22:36 | Create | Plumed Archer |
| 22:41 | Build | House |
| 22:42 | Build | House |
| 23:13 | Create | Villager (Male) |
| 23:19 | Build | Farm |
| 23:27 | Build | Farm |
| 23:29 | Build | Farm |
| 23:32 | Build | Farm |
Build order — LvSP | DXOP3NK
99 actions detected in the replay
| 0:08 | Build | Town Center |
| 2:16 | Build | Palisade Wall |
| 2:17 | Build | Palisade Wall |
| 2:27 | Build | Palisade Wall |
| 2:29 | Build | Palisade Wall |
| 2:37 | Create | Villager (Male) |
| 2:37 | Create | Villager (Male) |
| 2:37 | Create | Villager (Male) |
| 2:37 | Create | Villager (Male) |
| 2:38 | Create | Villager (Male) |
| 3:06 | Build | House |
| 3:25 | Build | Palisade Wall |
| 3:25 | Build | Palisade Wall |
| 3:26 | Build | Palisade Wall |
| 3:26 | Build | Palisade Wall |
| 3:27 | Build | Palisade Wall |
| 3:27 | Build | Palisade Wall |
| 3:28 | Build | Palisade Wall |
| 3:29 | Build | Palisade Wall |
| 3:33 | Research | Loom |
| 3:34 | Create | Villager (Male) |
| 3:34 | Create | Villager (Male) |
| 3:34 | Create | Villager (Male) |
| 4:05 | Create | Villager (Male) |
| 4:05 | Create | Villager (Male) |
| 4:42 | Build | Palisade Wall |
| 4:45 | Build | House |
| 5:03 | Create | Villager (Male) |
| 5:26 | Create | Villager (Male) |
| 5:43 | Build | Lumber Camp |
| 6:07 | Create | Villager (Male) |
| 6:07 | Create | Villager (Male) |
| 6:10 | Build | House |
| 7:13 | Create | Villager (Male) |
| 7:46 | Create | Villager (Male) |
| 7:58 | Build | House |
| 8:00 | Build | Palisade Wall |
| 8:03 | Create | Villager (Male) |
| 8:43 | Create | Villager (Male) |
| 8:43 | Create | Villager (Male) |
| 8:48 | Build | Mill |
| 9:37 | Create | Villager (Male) |
| 9:44 | Build | House |
| 9:54 | Create | Villager (Male) |
| 10:28 | Create | Villager (Male) |
| 10:32 | Create | Villager (Male) |
| 10:32 | Create | Villager (Male) |
| 10:56 | Build | Barracks |
| 11:27 | Build | House |
| 11:47 | Research | Feudal Age |
| 11:47 | Research | Feudal Age |
| 12:22 | Build | House |
| 13:01 | Build | Palisade Wall |
| 13:22 | Build | House |
| 13:28 | Build | Palisade Wall |
| 13:30 | Build | Palisade Wall |
| 13:31 | Build | Palisade Wall |
| 13:32 | Build | House |
| 13:57 | Age | Feudal Age |
| 14:00 | Create | Spearman |
| 14:00 | Create | Spearman |
| 14:06 | Build | Palisade Wall |
| 14:39 | Create | Spearman |
| 14:41 | Research | Double-Bit Axe |
| 14:45 | Create | Villager (Male) |
| 14:45 | Create | Villager (Male) |
| 14:55 | Build | Mining Camp |
| 15:21 | Build | Blacksmith |
| 15:31 | Build | House |
| 15:40 | Create | Villager (Male) |
| 15:42 | Create | Villager (Male) |
| 16:22 | Build | Palisade Wall |
| 17:16 | Build | Watch Tower |
| 17:40 | Build | Watch Tower |
| 17:47 | Research | Fletching |
| 17:52 | Build | Farm |
| 18:13 | Create | Villager (Male) |
| 18:13 | Create | Villager (Male) |
| 18:14 | Create | Villager (Male) |
| 18:16 | Build | Farm |
| 18:51 | Build | Farm |
| 18:52 | Create | Villager (Male) |
| 18:58 | Create | Villager (Male) |
| 20:18 | Create | Villager (Male) |
| 20:21 | Build | Market |
| 20:29 | Build | Farm |
| 20:52 | Build | Farm |
| 21:06 | Create | Spearman |
| 21:39 | Build | Palisade Wall |
| 21:42 | Build | House |
| 21:50 | Build | Watch Tower |
| 22:01 | Create | Villager (Male) |
| 22:01 | Create | Villager (Male) |
| 23:40 | Build | Watch Tower |
| 23:57 | Create | Villager (Male) |
| 23:57 | Create | Villager (Male) |
| 23:57 | Create | Villager (Male) |
| 23:57 | Create | Villager (Male) |
| 24:00 | Build | House |
Build order — LvSP| SteveAnd
112 actions detected in the replay
| 0:21 | Build | Town Center |
| 1:31 | Build | House |
| 2:05 | Build | Mill |
| 2:33 | Create | Villager (Male) ×4 |
| 3:51 | Create | Villager (Male) |
| 3:54 | Build | House |
| 4:33 | Create | Villager (Male) |
| 4:57 | Create | Villager (Male) |
| 5:14 | Create | Villager (Male) |
| 5:35 | Create | Villager (Male) |
| 5:53 | Create | Villager (Male) |
| 5:58 | Create | Villager (Male) |
| 6:14 | Create | Villager (Male) |
| 6:50 | Create | Villager (Male) |
| 6:55 | Build | House |
| 7:20 | Create | Villager (Male) |
| 7:23 | Build | Lumber Camp |
| 7:42 | Create | Villager (Male) |
| 8:10 | Create | Villager (Male) |
| 8:50 | Build | House |
| 8:54 | Build | Palisade Wall |
| 9:10 | Create | Villager (Male) |
| 9:31 | Build | Palisade Wall |
| 9:32 | Build | Palisade Wall |
| 9:36 | Build | House |
| 9:40 | Research | Loom |
| 10:10 | Research | Feudal Age |
| 10:21 | Build | Palisade Wall |
| 10:22 | Build | Palisade Wall |
| 10:23 | Build | Palisade Wall |
| 10:26 | Build | Palisade Wall |
| 10:27 | Build | Palisade Wall |
| 10:29 | Build | Palisade Wall |
| 10:31 | Build | Palisade Wall |
| 11:17 | Build | Palisade Wall |
| 11:19 | Build | Palisade Wall |
| 11:20 | Build | Palisade Wall |
| 11:21 | Build | Palisade Wall |
| 11:23 | Build | Palisade Wall |
| 11:28 | Build | Palisade Wall |
| 11:29 | Build | Palisade Wall |
| 11:30 | Build | Palisade Wall |
| 11:31 | Build | Palisade Wall |
| 11:32 | Build | Palisade Wall |
| 11:54 | Create | Villager (Male) |
| 12:20 | Age | Feudal Age |
| 12:21 | Research | Double-Bit Axe |
| 12:24 | Build | Market |
| 12:41 | Create | Villager (Male) |
| 13:07 | Create | Villager (Male) |
| 13:24 | Build | Blacksmith |
| 13:36 | Create | Villager (Male) |
| 13:57 | Create | Villager (Male) |
| 14:27 | Create | Villager (Male) |
| 14:54 | Research | Castle Age |
| 15:08 | Build | Barracks |
| 15:28 | Research | Horse Collar |
| 15:49 | Build | House |
| 15:52 | Build | Palisade Wall |
| 15:57 | Create | Villager (Male) |
| 16:16 | Build | Farm |
| 16:25 | Build | Stable |
| 16:40 | Build | Farm |
| 17:00 | Create | Villager (Male) |
| 17:14 | Build | Palisade Wall |
| 17:34 | Age | Castle Age |
| 17:37 | Create | Shrivamsha Rider |
| 17:47 | Build | Farm |
| 17:54 | Create | Shrivamsha Rider |
| 18:03 | Build | Stable |
| 18:06 | Create | Villager (Male) |
| 18:07 | Create | Shrivamsha Rider |
| 18:31 | Create | Camel Scout |
| 18:42 | Create | Camel Scout |
| 18:51 | Build | House |
| 18:55 | Create | Villager (Male) |
| 18:58 | Build | Farm |
| 18:59 | Build | Farm |
| 19:00 | Build | Farm |
| 19:09 | Build | Watch Tower |
| 19:27 | Create | Villager (Male) |
| 19:43 | Build | Watch Tower |
| 19:45 | Create | Villager (Male) |
| 19:49 | Build | Farm |
| 19:49 | Build | Farm |
| 20:02 | Create | Camel Scout |
| 20:26 | Create | Villager (Male) |
| 20:39 | Create | Villager (Male) |
| 20:58 | Create | Villager (Male) |
| 21:00 | Build | Farm |
| 21:19 | Create | Camel Scout |
| 21:41 | Create | Villager (Male) |
| 22:02 | Build | Town Center |
| 22:03 | Create | Villager (Male) |
| 22:05 | Build | House |
| 22:22 | Create | Villager (Male) |
| 22:50 | Build | Mining Camp |
| 22:57 | Create | Shrivamsha Rider |
| 23:00 | Create | Shrivamsha Rider |
| 23:08 | Build | Farm |
| 23:08 | Build | Farm |
| 23:08 | Build | Farm |
| 23:08 | Build | Farm |
| 23:11 | Create | Villager (Male) |
| 23:15 | Create | Villager (Male) |
| 23:20 | Create | Shrivamsha Rider |
| 23:24 | Build | Farm |
| 23:39 | Create | Villager (Male) |
| 23:42 | Build | Farm |
| 24:04 | Research | Stone Mining |
| 24:08 | Build | Farm |
| 24:18 | Build | House |
Build order — LvSP | K@l El
90 actions detected in the replay
| 0:57 | Build | Town Center |
| 3:04 | Create | Villager (Male) |
| 3:05 | Create | Villager (Male) |
| 3:05 | Create | Villager (Male) |
| 3:05 | Create | Villager (Male) |
| 4:26 | Create | Villager (Male) |
| 4:29 | Research | Loom |
| 4:35 | Create | Villager (Male) |
| 5:29 | Create | Villager (Male) |
| 5:54 | Create | Villager (Male) |
| 5:57 | Create | Villager (Male) |
| 6:04 | Create | Villager (Male) |
| 6:17 | Build | Lumber Camp |
| 6:34 | Create | Villager (Male) |
| 6:36 | Create | Villager (Male) |
| 7:28 | Create | Villager (Male) |
| 8:00 | Create | Villager (Male) |
| 8:17 | Create | Villager (Male) |
| 8:57 | Create | Villager (Male) |
| 9:02 | Create | Villager (Male) |
| 9:28 | Create | Villager (Male) |
| 10:07 | Create | Villager (Male) |
| 10:36 | Create | Villager (Male) |
| 10:54 | Create | Villager (Male) |
| 11:09 | Create | Villager (Male) |
| 11:51 | Create | Villager (Male) |
| 11:54 | Build | Mining Camp |
| 12:39 | Research | Feudal Age |
| 13:13 | Build | Palisade Wall |
| 13:17 | Build | Palisade Wall |
| 13:20 | Build | Palisade Wall |
| 13:21 | Build | Palisade Gate |
| 13:36 | Build | Palisade Wall |
| 13:45 | Build | Palisade Wall |
| 13:48 | Build | Palisade Wall |
| 13:51 | Build | Palisade Wall |
| 13:55 | Create | Villager (Male) |
| 14:50 | Age | Feudal Age |
| 14:54 | Build | Blacksmith |
| 14:56 | Build | Barracks |
| 15:13 | Create | Villager (Male) |
| 15:29 | Build | Archery Range |
| 15:45 | Create | Villager (Male) |
| 15:56 | Research | Castle Age |
| 16:15 | Build | Palisade Wall |
| 16:17 | Build | Palisade Wall |
| 16:19 | Build | Palisade Wall |
| 16:21 | Build | Palisade Wall |
| 16:25 | Build | Palisade Wall |
| 16:26 | Build | Palisade Wall |
| 16:27 | Build | Palisade Wall |
| 16:28 | Create | Villager (Male) |
| 16:37 | Build | Archery Range |
| 16:39 | Research | Double-Bit Axe |
| 17:19 | Build | Archery Range |
| 17:29 | Research | Fletching |
| 18:50 | Age | Castle Age |
| 18:51 | Create | Skirmisher |
| 18:51 | Create | Cavalry Archer |
| 18:52 | Create | Skirmisher |
| 18:54 | Create | Cavalry Archer |
| 18:54 | Create | Cavalry Archer |
| 18:54 | Create | Cavalry Archer |
| 18:54 | Create | Cavalry Archer |
| 18:55 | Create | Cavalry Archer |
| 19:07 | Create | Villager (Male) |
| 19:13 | Build | Town Center |
| 20:18 | Research | Thumb Ring |
| 20:31 | Create | Cavalry Archer |
| 20:31 | Create | Cavalry Archer |
| 20:31 | Create | Cavalry Archer |
| 20:32 | Create | Cavalry Archer |
| 21:20 | Build | Town Center |
| 21:49 | Research | Scale Barding Armor |
| 21:49 | Research | Scale Barding Armor |
| 21:50 | Research | Scale Barding Armor |
| 22:08 | Create | Villager (Male) |
| 22:08 | Create | Villager (Male) |
| 22:13 | Create | Villager (Male) |
| 22:14 | Create | Villager (Male) |
| 22:25 | Create | Villager (Male) |
| 22:41 | Create | Villager (Male) |
| 22:53 | Create | Villager (Male) |
| 23:22 | Build | Mill |
| 23:24 | Create | Villager (Male) |
| 23:25 | Create | Villager (Male) |
| 23:51 | Create | Villager (Male) |
| 23:58 | Build | Market |
| 24:21 | Create | Villager (Male) |
| 24:21 | Create | Villager (Male) |
Match timeline
| 2:16 | LvSP | DXOP3NK · wall_segment Palisade Wall x1 |
| 2:17 | LvSP | DXOP3NK · wall_segment Palisade Wall x1 |
| 2:27 | LvSP | DXOP3NK · wall_segment Palisade Wall x1 |
| 2:29 | LvSP | DXOP3NK · wall_segment Palisade Wall x1 |
| 3:25 | LvSP | DXOP3NK · wall_segment Palisade Wall x1 |
| 3:25 | LvSP | DXOP3NK · wall_segment Palisade Wall x1 |
| 3:26 | LvSP | DXOP3NK · wall_segment Palisade Wall x1 |
| 3:26 | LvSP | DXOP3NK · wall_segment Palisade Wall x1 |
| 3:27 | LvSP | DXOP3NK · wall_segment Palisade Wall x1 |
| 3:27 | LvSP | DXOP3NK · wall_segment Palisade Wall x1 |
| 3:28 | LvSP | DXOP3NK · wall_segment Palisade Wall x1 |
| 3:29 | LvSP | DXOP3NK · wall_segment Palisade Wall x1 |
| 4:42 | LvSP | DXOP3NK · wall_segment Palisade Wall x1 |
| 7:05 | Ux'Vipercita tamalera · wall_segment Palisade Wall x1 |
| 8:00 | LvSP | DXOP3NK · wall_segment Palisade Wall x1 |
| 8:54 | LvSP| SteveAnd · wall_segment Palisade Wall x6 |
| 9:31 | LvSP| SteveAnd · wall_segment Palisade Wall x1 |
| 9:32 | LvSP| SteveAnd · wall_segment Palisade Wall x1 |
| 9:37 | Ux'Nova · wall_segment Palisade Wall x1 |
| 10:03 | Ux'Nova · first_building Barracks |
| 10:21 | LvSP| SteveAnd · wall_segment Palisade Wall x1 |
| 10:22 | LvSP| SteveAnd · wall_segment Palisade Wall x1 |
| 10:23 | LvSP| SteveAnd · wall_segment Palisade Wall x1 |
| 10:26 | LvSP| SteveAnd · wall_segment Palisade Wall x1 |
| 10:27 | LvSP| SteveAnd · wall_segment Palisade Wall x1 |
| 10:29 | LvSP| SteveAnd · wall_segment Palisade Wall x1 |
| 10:31 | LvSP| SteveAnd · wall_segment Palisade Wall x1 |
| 10:56 | LvSP | DXOP3NK · first_building Barracks |
| 10:57 | Ux'Nova · age_up feudal |
| 11:01 | Ux'Nova · first_building Stable |
| 11:17 | LvSP| SteveAnd · wall_segment Palisade Wall x1 |
| 11:19 | LvSP| SteveAnd · wall_segment Palisade Wall x1 |
| 11:20 | LvSP| SteveAnd · wall_segment Palisade Wall x1 |
| 11:21 | LvSP| SteveAnd · wall_segment Palisade Wall x1 |
| 11:23 | LvSP| SteveAnd · wall_segment Palisade Wall x1 |
| 11:28 | LvSP| SteveAnd · wall_segment Palisade Wall x1 |
| 11:29 | LvSP| SteveAnd · wall_segment Palisade Wall x1 |
| 11:30 | LvSP| SteveAnd · wall_segment Palisade Wall x1 |
| 11:31 | LvSP | DeathThunder · wall_segment Palisade Wall x1 |
| 11:31 | LvSP| SteveAnd · wall_segment Palisade Wall x1 |
| 11:32 | LvSP| SteveAnd · wall_segment Palisade Wall x1 |
| 11:35 | Ux'LeBotut · first_building Barracks |
| 12:13 | Ux'Vipercita tamalera · first_building Barracks |
| 12:20 | LvSP| SteveAnd · age_up feudal |
| 12:31 | Ux'LeBotut · age_up feudal |
| 12:37 | Ux'LeBotut · first_building Archery Range |
| 12:42 | Ux'Vipercita tamalera · wall_segment Palisade Wall x3 |
| 12:44 | Ux'Vipercita tamalera · wall_segment Palisade Wall x2 |
| 12:46 | Ux'Vipercita tamalera · wall_segment Palisade Wall x5 |
| 12:47 | Ux´zSharck · age_up feudal |
| 13:00 | Ux'Vipercita tamalera · age_up feudal |
| 13:01 | LvSP | DXOP3NK · wall_segment Palisade Wall x14 |
| 13:13 | LvSP | K@l El · wall_segment Palisade Wall x4 |
| 13:17 | LvSP | K@l El · wall_segment Palisade Wall x4 |
| 13:20 | LvSP | K@l El · wall_segment Palisade Wall x8 |
| 13:22 | Ux'LeBotut · wall_segment Palisade Wall x1 |
| 13:23 | Ux'LeBotut · wall_segment Palisade Wall x1 |
| 13:25 | Ux'LeBotut · wall_segment Palisade Wall x1 |
| 13:26 | Ux'LeBotut · wall_segment Palisade Wall x1 |
| 13:26 | Ux'LeBotut · wall_segment Palisade Wall x1 |
| 13:27 | Ux'LeBotut · wall_segment Palisade Wall x1 |
| 13:28 | LvSP | DXOP3NK · wall_segment Palisade Wall x1 |
| 13:30 | LvSP | DXOP3NK · wall_segment Palisade Wall x1 |
| 13:31 | LvSP | DXOP3NK · wall_segment Palisade Wall x1 |
| 13:35 | LvSP | DeathThunder · age_up feudal |
| 13:36 | Ux'Vipercita tamalera · first_building Stable |
| 13:36 | LvSP | K@l El · wall_segment Palisade Wall x1 |
| 13:45 | LvSP | K@l El · wall_segment Palisade Wall x1 |
| 13:48 | LvSP | K@l El · wall_segment Palisade Wall x1 |
| 13:51 | LvSP | K@l El · wall_segment Palisade Wall x1 |
| 13:57 | LvSP | DXOP3NK · age_up feudal |
| 14:06 | LvSP | DXOP3NK · wall_segment Palisade Wall x1 |
| 14:50 | LvSP | K@l El · age_up feudal |
| 14:56 | LvSP | K@l El · first_building Barracks |
| 14:58 | LvSP | DeathThunder · first_market_buy 100 wood |
| 15:03 | LvSP | DeathThunder · first_market_sell 100 food |
| 15:08 | LvSP| SteveAnd · first_building Barracks |
| 15:29 | LvSP | K@l El · first_building Archery Range |
| 15:52 | LvSP| SteveAnd · wall_segment Palisade Wall x1 |
| 16:15 | LvSP | K@l El · wall_segment Palisade Wall x1 |
| 16:17 | LvSP | K@l El · wall_segment Palisade Wall x1 |
| 16:19 | LvSP | K@l El · wall_segment Palisade Wall x1 |
| 16:21 | LvSP | K@l El · wall_segment Palisade Wall x2 |
| 16:22 | LvSP | DXOP3NK · wall_segment Palisade Wall x1 |
| 16:24 | Ux´zSharck · age_up castle |
| 16:25 | LvSP | K@l El · wall_segment Palisade Wall x1 |
| 16:25 | LvSP| SteveAnd · first_building Stable |
| 16:26 | LvSP | K@l El · wall_segment Palisade Wall x1 |
| 16:27 | LvSP | K@l El · wall_segment Palisade Wall x1 |
| 16:28 | Ux'Vipercita tamalera · first_building Archery Range |
| 16:29 | Ux´zSharck · first_building Castle |
| 17:06 | Ux´zSharck · first_market_buy 100 food |
| 17:14 | LvSP| SteveAnd · wall_segment Palisade Wall x1 |
| 17:33 | Ux´zSharck · first_market_sell 100 wood |
| 17:34 | LvSP| SteveAnd · age_up castle |
| 18:20 | LvSP | DeathThunder · age_up castle |
| 18:21 | LvSP | DeathThunder · first_building Castle |
| 18:41 | Ux'LeBotut · wall_segment Palisade Wall x4 |
| 18:50 | LvSP | K@l El · age_up castle |
| 19:00 | Ux'LeBotut · wall_segment Palisade Wall x5 |
| 19:05 | Ux'Vipercita tamalera · age_up castle |
| 19:07 | Ux'LeBotut · wall_segment Palisade Wall x1 |
| 19:11 | Ux'LeBotut · wall_segment Palisade Wall x7 |
| 20:05 | Ux'Vipercita tamalera · first_market_buy 100 food |
| 20:10 | Ux'Nova · first_market_buy 100 food |
| 20:12 | Ux'LeBotut · wall_segment Palisade Wall x1 |
| 20:13 | Ux'Nova · first_market_sell 100 wood |
| 20:14 | Ux'LeBotut · wall_segment Palisade Wall x5 |
| 20:15 | Ux'LeBotut · wall_segment Palisade Wall x8 |
| 20:17 | Ux'LeBotut · wall_segment Palisade Wall x12 |
| 21:39 | LvSP | DXOP3NK · wall_segment Palisade Wall x1 |
| 22:03 | LvSP | DXOP3NK · first_market_sell 100 stone |
| 22:05 | LvSP | DXOP3NK · first_market_buy 100 food |
| 22:29 | Ux'LeBotut · first_market_buy 100 food |
| 22:41 | Ux'LeBotut · first_market_sell 100 wood |
| 22:56 | Ux'Nova · age_up castle |
| 23:15 | LvSP| SteveAnd · first_market_buy 100 food |
| 23:28 | Ux'Nova · first_building Castle |
| 24:25 | LvSP | DeathThunder · resign |
[ AI ANALYSIS · 1 CREDIT ]
What really happened in this match?
Wolo.gg analyzes every decision: build order, eco, micro, common mistakes by bracket. Personalized analysis on WhatsApp or Discord in 30 seconds.
Civ guide
Spanish
Perfil
Jugador #20200414